 Dungeon Crawl Stone Soup version 0.23.2 (webtiles) character file.

Game seed: 4900168471121732655

46624 teukkam the Slicer (level 14, -2/114 HPs)
             Began as a Minotaur Fighter on Apr 8, 2019.
             Was an Elder of Ashenzari.
             Slain by a large abomination (19 damage)
             ... on level 1 of the Abyss on Apr 9, 2019.
             The game lasted 01:40:46 (21358 turns).

teukkam the Slicer (Minotaur Fighter)              Turns: 21358, Time: 01:40:47

Health: -2/114     AC: 21    Str: 24    XL:     14   Next: 5%
Magic:  0/21       EV:  9    Int:  8    God:    Ashenzari [****..]
Gold:   2019       SH: 12    Dex: 16    Spells: 16/18 levels left

rFire    + + .     SeeInvis +   a - +2 short sword (freeze)
rCold    . . .     Gourm    .   c - +0 shield
rNeg     . . .     Faith    .   Q - +4 acid dragon scales of Veroruof {MR- rCorr Dex+4 SInv Stlth+}
rPois    .         Spirit   +   (helmet restricted)
rElec    .         Reflect  .   J - scarf {Spirit} (curse)
rCorr    +         Harm     .   D - +0 pair of gloves (curse)
MR       ++...     Clarity  +   Y - +2 pair of boots (curse)
Stlth    ++++......             (no amulet)
HPRegen  0.29/turn              C - ring of the Mage {Wiz MR++ Int+3} (curse)
MPRegen  0.17/turn              R - ring of Amelioration {rF++ AC+5 Stlth+} (curse)

@: about to teleport, very slightly contaminated, invisible, very slow
A: retaliatory headbutt, horns 2
a: Curse Item, Scrying, Renounce Religion


You were on level 1 of the Abyss.
You worshipped Ashenzari.
Ashenzari was greatly pleased with you.
You were not hungry.

You visited 4 branches of the dungeon, and saw 20 of its levels.
You visited the Abyss 1 time.
You also visited: Bailey.

You collected 2019 gold pieces.

Inventory:

Hand Weapons
 a - a +2 short sword of freezing (weapon)
 b - a +0 hand crossbow
 k - a +1 mace of protection
 r - a +0 war axe
 y - a +0 hunting sling
 z - a +4 war axe of chopping
 E - a +2 short sword of venom
 I - a +2 short sword of electrocution
Missiles
 g - a throwing net
 m - 70 bolts
 s - 330 stones (quivered)
 M - 31 tomahawks of returning
 W - 7 javelins
 Z - 39 tomahawks
Armour
 c - a +0 shield (worn)
 v - a +0 scale mail
 D - a cursed +0 pair of gloves (worn)
 J - a cursed scarf of spirit shield (worn)
 L - a +0 cloak of magic resistance
 N - the +6 chain mail of Wouvuu {+Fly rF++ Int+3 Dex+3}
   (You found it on level 8 of the Dungeon)

   It affects your intelligence (+3).
   It affects your dexterity (+3).
   It greatly protects you from fire.
   It lets you fly.
 O - a +2 leather armour of poison resistance
 P - a +2 plate armour of poison resistance
 Q - the +4 acid dragon scales of Veroruof (worn) {MR- rCorr Dex+4 SInv Stlth+}
   (You found it in a bailey)

   It affects your dexterity (+4).
   It affects your resistance to hostile enchantments.
   It lets you see invisible.
   It provides partial protection from all sources of acid and corrosion.
   It makes you more stealthy.
 Y - a cursed +2 pair of boots (worn)
Magical Staves
 F - an uncursed staff of energy
Jewellery
 e - an uncursed ring of resist corrosion
 h - the cursed ring of Sloth {rElec MR+ Str+3 Dex-3}
   (You found it on level 2 of the Lair of Beasts)

   [ring of dexterity]

   It affects your strength (+3).
   It affects your dexterity (-3).
   It insulates you from electricity.
   It affects your resistance to hostile enchantments.
   It has a curse placed upon it.
 C - the cursed ring of the Mage (left hand) {Wiz MR++ Int+3}
   (You found it on level 2 of the Lair of Beasts)

   [ring of wizardry]

   It improves your spell success rate.
   It affects your intelligence (+3).
   It affects your resistance to hostile enchantments.
   It has a curse placed upon it.
 R - the cursed ring of Amelioration (right hand) {rF++ AC+5 Stlth+}
   (You found it in a bailey)

   [ring of protection]

   It affects your AC (+5).
   It greatly protects you from fire.
   It makes you more stealthy.
   It has a curse placed upon it.
Wands
 G - a wand of paralysis (7)
 H - a wand of digging (5)
 K - a wand of acid (6)
Scrolls
 d - a scroll of brand weapon {unknown}
 i - a scroll of fog
 j - 10 scrolls of identify
 l - 3 scrolls of teleportation
 o - 4 scrolls of amnesia
 u - 2 scrolls of immolation {unknown}
 A - 2 scrolls of noise {unknown}
 B - a scroll of vulnerability {unknown}
 X - a scroll of acquirement {unknown}
Potions
 n - 2 potions of ambrosia
 w - a potion of berserk rage {unknown}
 S - 2 potions of flight
 T - 3 potions of resistance {unknown}
 U - 2 potions of agility {unknown}
 V - 4 potions of brilliance
Comestibles
 f - 8 rations


   Skills:
 - Level 7.9 Fighting
 + Level 12.9 Short Blades
 - Level 6.7 Axes
 - Level 4.5 Slings
 - Level 3.1 Crossbows
 - Level 7.8 Armour
 + Level 10.8(12.9) Stealth
 - Level 7.9 Shields
 + Level 2.9 Spellcasting
 + Level 3.2(5.2) Ice Magic
 + Level 10.8(12.8) Evocations


You had 16 spell levels left.
You knew the following spells:

 Your Spells              Type           Power        Failure   Level  Hunger
a - Ensorcelled Hibernat  Hex/Ice        #.....       19%         2    ###....

Your spell library contained the following spells:

 Spells                   Type           Power        Failure   Level  Hunger
 Confusing Touch          Hex            #.....       32%         1    ##.....
 Corona                   Hex            #......      32%         1    ##.....
 Confuse                  Hex            #.......     67%         3    ####...
 Dazzling Spray           Conj/Hex       #.....       67%         3    ####...
 Gell's Gravitas          Tloc           #.........   67%         3    ####...
 Tukima's Dance           Hex            #.......     67%         3    ####...
 Cause Fear               Hex            #.........   96%         4    #####..
 Petrify                  Tmut/Erth      #.......     96%         4    #####..
 Metabolic Englaciation   Hex/Ice        #.........   96%         5    ######.
 Silence                  Hex/Air        #.........   100%        5    ######.
 Yara's Violent Unravell  Hex/Tmut       #.........   100%        5    ######.
 Deflect Missiles         Chrm/Air       #.........   100%        6    #######
 Discord                  Hex            #.........   100%        8    #######


Dungeon Overview and Level Annotations

Branches:
Dungeon (11/15)            Temple (1/1) D:6            Lair (6/6) D:8
 Shoals (0/4) Lair:4          Orc (2/2) D:11            Elf (0/3) Orc:2
  Snake: Lair:2-4    Spider: Lair:2-4     Slime: Lair:5-6

Altars:
Ashenzari
Cheibriados
Dithmenos
Elyvilon
Fedhas
Gozag
Hepliaklqana
Kikubaaqudgha
Makhleb
Nemelex Xobeh
Okawaru
Qazlal
Ru
Sif Muna
Trog
Uskayaw
Vehumet
Wu Jian
Xom
Yredelemnul
Zin
The Shining One

Portals:
Trove: D:11 (give +5 demon blade)


Innate Abilities, Weirdness & Mutations

You reflexively headbutt those who attack you in melee.
You have a pair of horns on your head.


Message History

You block the thrashing horror's attack.
The thrashing horror closely misses you.
A chorus of shrieks assaults your mind.
* * * LOW HITPOINT WARNING * * *
You block the starcursed mass's attack. The large abomination hits you!
* * * LOW HITPOINT WARNING * * *
You hit the thrashing horror. You freeze the thrashing horror.
You headbutt the thrashing horror, but do no damage.
The thrashing horror is lightly damaged.
The thrashing horror tramples you.
* * * LOW HITPOINT WARNING * * *
You hold your ground!
The thrashing horror tramples you.
* * * LOW HITPOINT WARNING * * *
You hold your ground!
You feel better. The thrashing horror tramples you.
* * * LOW HITPOINT WARNING * * *
You hold your ground!
The thrashing horror tramples you but does no damage.
You block the starcursed mass's attack. The large abomination hits you!!
You die...

. . .... ..,###.≈≈≈ ≈
, ** +#+#+ ' +#.,
##≈≈≈≈ ≈≈ ≈ ≈* ,+
+..##≈≈≈### ≈ ≈ + +#
#+#..##≈≈≈# ≈≈ * ,,
,+.'.+ +. ,≈≈.≈≈ ≈≈ ≈
, , , +* # +
+#.###≈≈≈# ≈ * ≈ , >+
.' +.'#.#≈3X≈#######
, #'#X#
#XXX..X≈X≈≈≈≈≈≈ ,
,+.'
X.'.'######@X≈≈≈≈≈≈,,
+#'#'#X#§## *
*#####≈#.. ** *
.'.{.+.+*, * , *,*, *
, +# #X#+# * * , , *
** * , , ## . *,,,,
*** ,,,,, * * *... **
, ,* ** ** * ,** , #
#. * ,,*,,, , * * , ,
* * , ,, ** , , , ,
,* * ,


You could see 5 starcursed masses, a thrashing horror, a large abomination and a
smoke demon.

Vanquished Creatures
  Nessos (Orc:2)
  2 entropy weavers (Lair:5)
  Harold (D:8)
  A ghost crab (Lair:5)
  A rakshasa (Abyss:1)
  A hydra (Lair:2)
  3 two-headed ogres
  3 death yaks (Lair:4)
  Urug (Orc:2)
  Nergalle (D:11)
  5 fire crabs (Lair:5)
  An unseen horror (D:10)
  4 orc knights
  Pikel (D:8)
  3 orc sorcerers
  2 black mambas
  A merfolk siren (Lair:4)
  A centaur zombie (D:10)
  3 elephants (Lair:5)
  3 smoke demons (Abyss:1)
  A torpor snail (Lair:2)
  7 spiny frogs
  2 komodo dragons
  3 rime drakes
  A hellwing (Abyss:1)
  5 trolls
  4 tyrant leeches (Lair:2)
  9 blink frogs
  8 hippogriffs
  4 slime creatures (Abyss:1)
  3 wyverns
  20 yaks
  2 soldier ants (D:8)
  3 swamp worms (Lair:2)
  6 wargs
  An acid dragon (D:11)
  10 water moccasins
  7 porcupines
  25 orc warriors
  3 sky beasts
  2 phantoms
  2 ice beasts
  6 centaurs
  11 ogres
  9 wolves
  11 crocodiles
  5 big kobolds
  3 gnoll sergeants (D:11)
  7 bullfrogs
  A wyvern zombie (D:6)
  3 scorpions (D:10)
  3 killer bees (D:7)
  8 electric eels (D:10)
  9 crimson imps
  3 quasits
  6 hounds
  5 jellies
  17 orc priests
  2 centaur skeletons
  3 bullfrog skeletons
  Jessica (D:3)
  3 iguanas
  16 orc wizards
  14 worker ants
  A hound zombie (D:11)
  A howler monkey zombie (D:8)
  8 gnolls
  10 adders
  A shadow imp (D:5)
  An adder skeleton (D:5)
  5 worms
  3 dart slugs
  8 leopard geckos
  95 orcs
  7 giant cockroaches
  24 goblins
  5 hobgoblins
  14 jackals
  7 quokkas
  3 bats
  6 frilled lizards
  A jackal skeleton (D:8)
  14 kobolds
  2 leopard gecko zombies
  A quokka skeleton (D:5)
  7 rats
  A fungus (Lair:4)
  2 plants (Lair:2)
540 creatures vanquished.

Vanquished Creatures (others)
  A slave (D:8)
  A centaur skeleton (D:10)
  2 orcs (Orc:2)
  3 fungi
  3 plants
10 creatures vanquished.

Grand Total: 550 creatures vanquished

Notes
Turn   | Place    | Note
-------+----------+-------------------------------------------
     0 | D:1      | teukkam the Minotaur Fighter began the quest for the Orb.
     0 | D:1      | Reached XP level 1. HP: 19/19 MP: 0/0
   131 | D:1      | Reached XP level 2. HP: 18/27 MP: 1/1
   146 | D:1      | Found a shattered altar of Ashenzari.
   157 | D:1      | Became a worshipper of Ashenzari the Shackled
   686 | D:2      | Reached XP level 3. HP: 32/33 MP: 2/2
  1170 | D:2      | Reached XP level 4. HP: 40/40 MP: 3/3
  1972 | D:3      | Reached XP level 5. HP: 40/47 MP: 4/4
  2434 | D:3      | Noticed Jessica
  2453 | D:3      | Killed Jessica
  2453 | D:3      | Reached skill level 1 in Short Blades
  2459 | D:3      | Found an iron altar of Okawaru.
  2477 | D:4      | Reached skill level 5 in Fighting
  2477 | D:4      | Reached skill level 1 in Slings
  2477 | D:4      | Reached skill level 5 in Shields
  2491 | D:4      | Reached skill level 5 in Armour
  2602 | D:4      | Reached XP level 6. HP: 41/56 MP: 5/5
  2709 | D:5      | Entered Level 5 of the Dungeon
  2735 | D:5      | Reached skill level 2 in Short Blades
  2866 | D:5      | Reached XP level 7. HP: 32/61 MP: 6/6
  3288 | D:5      | Found a hazy altar of Hepliaklqana.
  3289 | D:5      | Found a radiant altar of Vehumet.
  3304 | D:5      | Found a sparkling altar of Nemelex Xobeh.
  3760 | D:6      | Reached XP level 8. HP: 34/70 MP: 7/7
  3826 | D:6      | Noticed a hippogriff
  3837 | D:6      | Killed a hippogriff
  3837 | D:6      | Reached skill level 5 in Axes
  3862 | D:6      | Found a staircase to the Ecumenical Temple.
  3906 | D:6      | Found a shadowy altar of Dithmenos.
  4010 | D:6      | Reached * piety under Ashenzari
  4384 | Temple   | Entered the Ecumenical Temple
  4934 | D:7      | Reached skill level 1 in Crossbows
  5342 | D:8      | Reached XP level 9. HP: 79/79 MP: 8/8
  5396 | D:8      | Got the uncursed chain mail of Wouvuu {+Fly rF++ Int+3
                  | Dex+3}
  5407 | D:8      | Identified the +6 chain mail of Wouvuu {+Fly rF++ Int+3
                  | Dex+3} (You found it on level 8 of the Dungeon)
  5512 | D:8      | Found a flagged portal.
  5600 | Bailey   | Entered a bailey
  5655 | Bailey   | Found an iron altar of Okawaru.
  5735 | Bailey   | Identified the ring of Amelioration {rF++ AC+5 Stlth+}
  5750 | Bailey   | Got the uncursed acid dragon scales of Veroruof {MR- rCorr
                  | Dex+4 SInv Stlth+}
  5768 | Bailey   | Identified the +4 acid dragon scales of Veroruof {MR- rCorr
                  | Dex+4 SInv Stlth+} (You found it in a bailey)
  5921 | D:8      | Found a staircase to the Lair.
  5949 | D:8      | Reached skill level 3 in Short Blades
  5949 | D:8      | Reached skill level 1 in Stealth
  5949 | D:8      | Reached skill level 1 in Evocations
  6024 | D:8      | Noticed Pikel
  6032 | D:8      | Killed Pikel
  6032 | D:8      | Reached skill level 4 in Short Blades
  6220 | D:8      | Noticed Harold
  6350 | D:8      | Killed Harold
  6350 | D:8      | Reached skill level 5 in Short Blades
  6350 | D:8      | Reached XP level 10. HP: 66/88 MP: 6/11
  6799 | D:10     | Entered Level 10 of the Dungeon
  6980 | D:9      | Reached skill level 6 in Short Blades
  7325 | D:10     | Reached ** piety under Ashenzari
  7706 | D:10     | Reached skill level 5 in Stealth
  7706 | D:10     | Reached skill level 5 in Evocations
  7731 | D:10     | Reached skill level 7 in Short Blades
  8835 | D:10     | Noticed an unseen horror
  8853 | D:10     | Killed an unseen horror
  8853 | D:10     | Reached XP level 11. HP: 83/94 MP: 10/14
  9340 | Lair:1   | Entered Level 1 of the Lair of Beasts
  9450 | Lair:1   | Reached skill level 8 in Short Blades
 10641 | Lair:3   | Reached skill level 9 in Short Blades
 10676 | Lair:3   | Noticed an eight-headed hydra
 11596 | Lair:4   | Noticed a death yak
 11723 | Lair:3   | Reached *** piety under Ashenzari
 11815 | Lair:4   | Reached XP level 12. HP: 79/101 MP: 11/16
 11966 | Lair:4   | Reached skill level 10 in Short Blades
 12121 | Lair:4   | Noticed a death yak
 12204 | Lair:5   | Found a runed translucent door.
 12296 | Lair:5   | Noticed an entropy weaver
 12308 | Lair:5   | Killed an entropy weaver
 12592 | Lair:5   | Noticed an entropy weaver
 12596 | Lair:5   | Noticed a ghost crab
 12982 | Lair:4   | Found a staircase to the Shoals.
 13063 | Lair:4   | Noticed a death yak
 13094 | Lair:4   | Killed a death yak
 13118 | Lair:4   | Killed a death yak
 13132 | Lair:4   | Killed a death yak
 13132 | Lair:4   | Reached skill level 11 in Short Blades
 13998 | Lair:6   | Entered Level 6 of the Lair of Beasts
 14366 | Lair:5   | Killed a ghost crab
 14369 | Lair:5   | Killed an entropy weaver
 14439 | Lair:5   | Noticed an entropy weaver
 14633 | Lair:6   | Reached XP level 13. HP: 99/107 MP: 15/19
 15430 | Lair:2   | Found a hide-covered altar of Uskayaw.
 15502 | Lair:2   | Reached skill level 12 in Short Blades
 15502 | Lair:2   | Reached skill level 10 in Stealth
 15502 | Lair:2   | Reached skill level 10 in Evocations
 15616 | Lair:2   | Identified the cursed ring of Sloth {rElec MR+ Str+3 Dex-3}
 15616 | Lair:2   | Found the ring of the Mage {Wiz MR++ Int+3}
 15624 | Lair:2   | Learned a level 2 spell: Ensorcelled Hibernation
 16463 | D:11     | Reached skill level 1 in Ice Magic
 16561 | D:11     | Found a portal to a secret trove of treasure.
 16563 | D:11     | Noticed Nergalle
 16581 | D:11     | Killed Nergalle
 16581 | D:11     | Reached skill level 1 in Spellcasting
 16760 | D:11     | Reached **** piety under Ashenzari
 16893 | D:11     | Found a staircase to the Orcish Mines.
 17058 | Orc:1    | Entered Level 1 of the Orcish Mines
 18338 | Orc:2    | Entered Level 2 of the Orcish Mines
 18395 | Orc:2    | Noticed Nessos
 18462 | Orc:2    | Killed Nessos
 18875 | Orc:2    | Noticed Urug
 19130 | Orc:2    | Found a staircase to the Elven Halls.
 20120 | Orc:1    | Found a bloodstained altar of Trog.
 20590 | Orc:2    | Killed Urug
 21089 | Orc:2    | Cast into level 1 of the Abyss (orc knight)
 21193 | Abyss:1  | Noticed a tentacled starspawn
 21317 | Abyss:1  | Reached XP level 14. HP: 114/114 MP: 21/21
 21328 | Abyss:1  | Noticed a starcursed mass
 21350 | Abyss:1  | Paralysed by accursed screaming for 1 turns
 21358 | Abyss:1  | Slain by a large abomination

Skill      XL: |  1  2  3  4  5  6  7  8  9 10 11 12 13 |
---------------+----------------------------------------+-----
Armour         | 4 5 6 7 |  7.8
Fighting       | 4 5 6 7 |  7.9
Shields        | 4 5 6 7 |  7.9
Axes           | 3 4 6 |  6.7
Short Blades   | 1 2 5 7 9 11 12 | 12.9
Slings         | 1 2 3 4 |  4.5
Crossbows      | 1 3 |  3.1
Stealth        | 3 5 7 9 10 | 10.8
Evocations     | 3 5 7 9 10 | 10.8
Ice Magic      | 3 |  3.2
Spellcasting   | 2 |  2.9

Action                   |  1- 3 |  4- 6 |  7- 9 | 10-12 | 13-15 || total
-------------------------+-------+-------+-------+-------+-------++-------
Melee: War axe           |   102 |    62 |   191 |   104 |   105 ||   564
       Headbutt          |    12 |    33 |    56 |   192 |   204 ||   497
       Short sword       |       |   134 |    92 |   529 |   539 ||  1294
       Hand crossbow     |       |       |       |       |    10 ||    10
       Mace              |       |       |       |       |     8 ||     8
 Fire: Hunting sling     |       |     4 |     6 |       |       ||    10
       Hand crossbow     |       |       |    28 |    29 |    53 ||   110
Throw: Stone             |       |     6 |       |     1 |       ||     7
 Cast: Ensorcelled Hiber |       |       |       |       |     8 ||     8
Invok: Curse Item        |       |       |     2 |     2 |     2 ||     6
 Abil: Evoke Flight      |       |       |     2 |       |       ||     2
Evoke: Wand              |       |     1 |    14 |    25 |    15 ||    55
  Use: Potion            |       |     2 |     3 |     6 |     8 ||    19
       Scroll            |       |       |     3 |     7 |     5 ||    15
 Stab: Sleeping          |       |       |     3 |    29 |    17 ||    49
       Invisible         |       |       |     1 |       |     1 ||     2
       Paralysed         |       |       |     1 |       |       ||     1
       Distracted        |       |       |       |     3 |     5 ||     8
  Eat: Chunk             |     1 |     6 |     3 |     6 |     8 ||    24
       Ration            |       |       |     3 |     6 |     4 ||    13
Armor: Scale mail        |    46 |    82 |    60 |       |       ||   188
       Acid dragon scale |       |       |    22 |   285 |   191 ||   498
       Chain mail        |       |       |    17 |       |       ||    17
Dodge: Dodged            |    32 |    50 |    71 |   173 |   145 ||   471
Block: Shield            |    60 |   101 |   172 |   310 |   296 ||   939
